 Dungeon Crawl Stone Soup version 0.30-b1-2-g02819fbbbe (webtiles) character file.

Game seed: 8541645578201032472

3679 Lolow the Basher (level 10, 0/86 HPs)
             Began as a Hill Orc Fighter on May 18, 2023.
             Was a Believer of Qazlal.
             Slain by a water moccasin (3 damage)
             ... on level 9 of the Dungeon.
             The game lasted 00:47:51 (8390 turns).

Lolow the Basher (Hill Orc Fighter)                 Turns: 8390, Time: 00:47:52

Health: 0/86       AC: 12    Str: 22    XL:     10   Next: 13%
Magic:  10/10      EV:  9    Int:  8    God:    Qazlal [**....]
Gold:   81         SH:  9    Dex: 18    Spells: 9/9 levels left

rFire   . . .        a - +0 flail
rCold   . . .        c - +0 buckler
rNeg    . . .        n - +1 chain mail
rPois   +            (no helmet)
rElec   .            v - +0 cloak
rCorr   .            (no gloves)
SInv    .            (no boots)
Will    .....        (no amulet) Stlth
                     t - ring of poison resistance
HPRegen 0.34/turn    f - +6 ring of dexterity
MPRegen 0.12/turn

%: no passive effects
@: lethally poisoned (0 -> -8), slowed, very slow
A: no striking features
a: Renounce Religion, Upheaval


You were on level 9 of the Dungeon.
You worshipped Qazlal.
Qazlal was pleased with you.
You visited 1 branch of the dungeon, and saw 9 of its levels.

You collected 361 gold pieces.
You spent 280 gold pieces at shops.

Inventory:

Hand Weapons
 a - a +0 flail (weapon)
 b - a +0 sling
 g - the +0 spear of the Eternal Warrior {speed, rC+ rCorr Str+2 Int-5}
   (You found it on level 3 of the Dungeon)

   Str:       It affects your strength (+2).
   Int:       It affects your intelligence (-5).
   rC:        It protects you from cold.
   rCorr:     It protects you from acid and corrosion.
 y - a +3 dire flail of holy wrath
 A - a +4 spear
 B - a +2 quarterstaff of chaos
 J - a +1 spectral quarterstaff
 K - the +8 falchion of Ugiacreu {heavy, SInv}
   (You found it on level 8 of the Dungeon)

   SInv:      It lets you see invisible.
Missiles
 u - 25 poisoned darts (quivered)
Armour
 c - a +0 buckler (worn)
 n - a +1 chain mail (worn)
 v - a +0 cloak (worn)
Jewellery
 f - a +6 ring of dexterity (right hand)
 h - a ring of magical power
 m - a ring of ice
 q - a ring of see invisible
 t - a ring of poison resistance (left hand)
 w - a ring of fire
Wands
 C - a wand of paralysis (20)
 F - a wand of digging (5)
 I - a wand of iceblast (14)
Scrolls
 e - 2 scrolls of teleportation
 k - 3 scrolls of poison
 p - 3 scrolls of noise
 z - a scroll of enchant weapon {unknown}
 E - a scroll of amnesia
 G - a scroll of blinking
 H - a scroll of brand weapon {unknown}
Potions
 d - a potion of might
 i - 2 potions of lignification
 j - 4 potions of brilliance
 l - a potion of haste {unknown}
 s - a potion of magic {unknown}
 x - 2 potions of flight
 D - a potion of attraction {unknown}


   Skills:
 + Level 7.2 Fighting
 + Level 9.2 Maces & Flails
 + Level 5.0 Ranged Weapons
 + Level 1.3 Throwing
 + Level 7.3 Armour
 + Level 1.8 Dodging
 + Level 1.2 Stealth
 + Level 6.5 Shields


You had 9 spell levels left.
You didn't know any spells.
Your spell library contained the following spells:

 Spells                   Type           Power      Damage    Failure   Level
 Slow                     Hex            0%         N/A       96%         1
 Cigotuvi's Dreadful Rot  Necr/Pois/Air  0%         N/A       99%         2
 Ensorcelled Hibernation  Hex/Ice        0%         N/A       99%         2
 Passwall                 Tmut/Erth      0%         N/A       99%         2
 Confusing Touch          Hex            0%         N/A       100%        3
 Ignite Poison            Fire/Tmut/Pois 0%         N/A       100%        3
 Spider Form              Tmut/Pois      0%         N/A       100%        3
 Swiftness                Air            0%         N/A       100%        3
 Vampiric Draining        Necr           0%         2d6       100%        3
 Anguish                  Hex/Necr       0%         N/A       100%        4
 Sticky Flame             Conj/Fire      0%         2d3       100%        4
 Freezing Cloud           Conj/Ice/Air   0%         6-21      100%        5
 Ignition                 Fire           0%         3d3       100%        8


Dungeon Overview and Level Annotations

Branches:
Dungeon (9/15)             Temple (0/1) D:4             Orc (0/2) D:9
   Lair: D:8-11

Altars:
Dithmenos
Gozag
Qazlal
Ru
Trog
Wu Jian

Shops:
D:4 (   D:7 :


Message History

The wyvern is severely wounded.
The wyvern bites you.
You hit the wyvern but do no damage.
The wyvern is severely wounded.
The wyvern bites you. You block the wyvern's attack.
As you read the scroll of teleportation, it crumbles to dust.
You feel strangely unstable. The wyvern bites you!
* * * LOW HITPOINT WARNING * * *
The wyvern attacks as you move away!
The wyvern bites you but does no damage.
You block the wyvern's attack. The wyvern attacks as you move away!
The wyvern bites you but does no damage.
The wyvern bites you!
* * * LOW HITPOINT WARNING * * *
Your surroundings suddenly seem different.
You start resting.
Magic restored.
You start resting.
You hear an angry hiss.
A basilisk is nearby!
As you read the scroll of teleportation, it crumbles to dust.
You feel strangely unstable. The basilisk closely misses you.
Your surroundings suddenly seem different.
A water moccasin comes into view.
Found 8 stones.
The water moccasin hisses angrily.
You hear an angry buzzing noise.
A hornet comes into view.
You closely miss the hornet. The hornet stings you!
* * * LOW HITPOINT WARNING * * *
You are poisoned.
The hornet stings you!
* * * LOW HITPOINT WARNING * * *
You feel yourself slow down. The hornet attacks as you move away!
You block the hornet's attack.
* * * LOW HITPOINT WARNING * * *
You feel very sick. The water moccasin bites you.
You die...

### ..#
#.# ###
#.# ..#
#y# #.#
#@# #.#
#S# #.#
#.# #.#
#.# #l#
#.#
###.#
#.#
#...#
#.# ..
#.###
#####.#
### P..
####.
#.. ..(
..#


ll.. You could see a hornet and a water moccasin.

Vanquished Creatures
  Joseph (D:8)
  Grinder (D:4)
  Prince Ribbit (D:8)
  2 wyverns (D:9)
  A steam dragon (D:8)
  Edmund (D:4)
  Menkaure (D:5)
  A water moccasin (D:9)
  A sky beast (D:8)
  3 ice beasts
  4 ogres
  A centaur (D:9)
  2 phantoms
  2 kobold brigands (D:8)
  A bullfrog (D:6)
  2 scorpions
  7 wights
  A howler monkey (D:6)
  A jelly (D:7)
  Crazy Yiuf (D:4)
  3 orc priests
  2 hounds
  4 iguanas
  4 orc wizards
  A mummy (D:5)
  4 gnolls (D:6)
  6 adders
  2 shadow imps
  A white imp (D:3)
  3 worms
  A dart slug (D:4)
  16 orcs
  8 ball pythons
  11 bats
  8 endoplasms
  2 giant cockroaches (D:4)
  9 goblins
  5 hobgoblins
  3 jackals (D:4)
  2 quokkas
  7 frilled lizards
  A goblin zombie (D:5)
  14 kobolds
  An orc zombie (D:5)
  8 rats
161 creatures vanquished.

Vanquished Creatures (others)
  3 kobolds (D:8)
  3 fungi
  15 plants (D:9)
21 creatures vanquished.

Grand Total: 182 creatures vanquished

Notes
Turn   | Place    | Note
-------+----------+-------------------------------------------
     0 | D:1      | Lolow the Hill Orc Fighter began the quest for the Orb.
     0 | D:1      | Reached XP level 1. HP: 19/19 MP: 1/1
     0 | D:1      | Found a shadowy altar of Dithmenos.
   319 | D:1      | Reached XP level 2. HP: 25/27 MP: 2/2
   555 | D:1      | Found a faded altar of an unknown god.
  1067 | D:2      | Reached XP level 3. HP: 33/33 MP: 3/3
  1431 | D:2      | Reached skill level 3 in Maces & Flails
  2008 | D:3      | Reached XP level 4. HP: 34/40 MP: 4/4
  2031 | D:3      | Noticed a scorpion
  2042 | D:3      | Killed a scorpion
  2043 | D:3      | Reached XP level 5. HP: 36/46 MP: 5/5
  2098 | D:3      | Identified the +0 spear of the Eternal Warrior {speed, rC+
                  | rCorr Str+2 Int-5}
  2247 | D:3      | Noticed a phantom
  2259 | D:3      | Reached skill level 4 in Maces & Flails
  2462 | D:3      | Found a stormy altar of Qazlal.
  2469 | D:3      | Became a worshipper of Qazlal Stormbringer
  2662 | D:3      | Killed a phantom
  2663 | D:3      | Reached skill level 1 in Ranged Weapons
  2663 | D:3      | Reached XP level 6. HP: 47/53 MP: 6/6
  3020 | D:4      | Reached skill level 5 in Maces & Flails
  3029 | D:4      | Found Esuel's Weapon Boutique.
  3080 | D:4      | Noticed Grinder
  3082 | D:4      | Paralysed by Grinder for 2 turns
  3100 | D:4      | Killed Grinder
  3101 | D:4      | Reached XP level 7. HP: 23/60 MP: 7/7
  3393 | D:4      | Found an opulent altar of Gozag.
  3468 | D:4      | Found a staircase to the Ecumenical Temple.
  3581 | D:4      | Noticed Edmund
  3621 | D:4      | Killed Edmund
  3622 | D:4      | Reached skill level 5 in Armour
  3719 | D:4      | Reached * piety under Qazlal
  4077 | D:4      | Found a runed translucent door.
  4078 | D:4      | Noticed Crazy Yiuf
  4090 | D:4      | Killed Crazy Yiuf
  4091 | D:4      | Reached skill level 5 in Fighting
  4217 | D:5      | Entered Level 5 of the Dungeon
  4226 | D:5      | Reached skill level 6 in Maces & Flails
  4495 | D:5      | Reached XP level 8. HP: 68/68 MP: 8/8
  4552 | D:5      | Found a sacrificial altar of Ru.
  4628 | D:5      | Noticed Menkaure
  4649 | D:5      | Killed Menkaure
  4875 | D:5      | Reached skill level 5 in Shields
  4878 | D:5      | Reached skill level 7 in Maces & Flails
  5005 | D:5      | Reached skill level 1 in Dodging
  5543 | D:6      | Reached XP level 9. HP: 58/75 MP: 9/9
  6129 | D:7      | Found an ornate altar of the Wu Jian Council.
  6133 | D:7      | Found a bloodstained altar of Trog.
  6335 | D:7      | Found Eceud's Book Shoppe.
  6352 | D:7      | Bought a book of Burglary for 280 gold pieces
  6571 | D:8      | Noticed Joseph
  6844 | D:8      | HP: 2/74 [Joseph/+0 quarterstaff (14)]
  6845 | D:8      | Killed Joseph
  6846 | D:8      | Reached skill level 8 in Maces & Flails
  7239 | D:8      | Reached ** piety under Qazlal
  7481 | D:8      | Reached skill level 1 in Stealth
  7686 | D:8      | Identified the +8 falchion of Ugiacreu {heavy, SInv}
  7686 | D:8      | Noticed Prince Ribbit
  7705 | D:8      | Killed Prince Ribbit
  7706 | D:8      | Reached skill level 5 in Ranged Weapons
  7972 | D:9      | Reached skill level 1 in Throwing
  7997 | D:9      | Reached skill level 9 in Maces & Flails
  7997 | D:9      | Reached XP level 10. HP: 17/77 MP: 10/10
  8287 | D:9      | Found a staircase to the Orcish Mines.
  8390 | D:9      | HP: 3/86 [poisoned by a hornet]
  8390 | D:9      | Slain by a water moccasin

Illustrated notes

Levels and vault maps discovered:
D:1:      sevenhm_arrival_forest_fort_small_6, layout_basic,
          shapermc_ecumenical_altar_flowoftime, minmay_tetromino_o4
D:2:      minmay_razor_zed, layout_loops_ring
D:3:      layout_basic, nicolae_qazlal_eye_of_the_storm, st_stairs_6
D:4:      layout_gridville, mainiacjoe_overflow_small_starburst, temple_green,
          serial_rivers, chequers_serial_rivers_micro_c,
          chequers_serial_rivers_marsh, chequers_serial_rivers_small_b,
          chequers_serial_rivers_small_b, serial_shops, nicolae_stop_n_shop_2,
          uniq_grinder, uniq_crazy_yiuf_cottage, uniq_edmund
D:5:      layout_basic, mainiacjoe_overflow_cross_hatched,
          nicolae_ossuary_entry_giza, uniq_menkaure
D:6:      layout_layer_cave, mainiacjoe_overflow_alcove_1
D:7:      layout_rooms, nicolae_overflow_hidden_temple, serial_shops, shop,
          hangedman_abyss_or_decor_jellyfish_corner
D:8:      layout_loops_ring, enter_bailey_4, hangedman_decor_opposing,
          uniq_prince_ribbit1, uniq_joseph, uniq_maggie
D:9:      layout_loops_ring, lemuel_zombie_altar_yredelemnul, zin_angel,
          chei_slow_surprise, mainiacjoe_overflow_chevrons,
          minmay_lair_entry_grove, orc_0_dummy, serial_shops, shop,
          chequers_serial_rivers_micro_d

Skill      XL: |  1  2  3  4  5  6  7  8  9 |
---------------+----------------------------+-----
Fighting       | 4 5 6 7 |  7.2
Maces & Flails | 3 4 5 6 7 9 |  9.2
Armour         | 4 5 7 |  7.3
Shields        | 4 5 6 |  6.5
Ranged Weapons | 1 2 4 5 |  5.0
Dodging        | 1 |  1.8
Stealth        | 1 |  1.2
Throwing       | 1 |  1.3

Action                     |  1- 3 |  4- 6 |  7- 9 | 10-12 || total
---------------------------+-------+-------+-------+-------++-------
  Melee: Flail             |   119 |    90 |   380 |    31 ||   620
   Fire: Sling             |     9 |    36 |    67 |     5 ||   117
  Throw: Dart              |       |       |    21 |     7 ||    28
 Invoke: Upheaval          |       |       |       |     1 ||     1
    Use: Scroll            |    11 |     2 |     8 |     2 ||    23
         Potion            |       |     1 |     8 |       ||     9
 Armour: Scale mail        |    13 |       |       |       ||    13
         Chain mail        |    64 |    71 |   144 |    18 ||   297
  Dodge: Dodged            |    38 |    40 |   125 |    16 ||   219
  Block: Buckler           |    35 |    43 |   160 |    19 ||   257
